 Dungeon Sprint DCSS version 0.21.1-82-gafb53d1 (webtiles) character file.

222 Fang the Fighter (level 5, -8/40 HPs)
             Began as a Gargoyle Berserker on Sept 14, 2018.
             Was an Elder of Trog.
             Killed by divine providence
             ... invoked by an orc priest
              (12 damage)
             ... in the Dungeon (Sprint VII: "The Pits").
             The game lasted 00:00:56 (595 turns).

Fang the Fighter (Gargoyle Berserker)                Turns: 595, Time: 00:00:57

Health: -8/40      AC:  6    Str: 22    XL:     5   Next: 99%
Magic:  5/5        EV: 13    Int:  7    God:    Trog [****..]
Gold:   0          SH:  0    Dex:  9    Spells: 4/4 levels left

rFire    . . .     SeeInvis .   m - +0 hand axe (freeze)
rCold    . . .     Gourm    .   (no shield)
rNeg     + . .     Faith    .   b - +0 animal skin
rPois    ∞         Spirit   .   (no helmet)
rElec    +         Reflect  .   (no cloak)
rCorr    .         Harm     .   (no gloves)
MR       .....     NoTele   +   (no boots)
Stlth    +.........             (no amulet)
HPRegen  0.13/turn              (no ring)
MPRegen  0.09/turn              (no ring)

@: berserk cooldown, slowed, very slow
A: negative energy resistance 1, electricity resistance, unbreathing,
petrification resistance, rot immunity, AC +4
a: Berserk, Trog's Hand, Brothers in Arms, Burn Spellbooks, Renounce Religion


You were in the Dungeon.
You worshipped Trog.
Trog was greatly pleased with you.
You were very hungry.

You visited 1 branch

Inventory:

Hand Weapons
 j - a +2 hand axe
 m - a +0 hand axe of freezing (weapon)
Armour
 b - a +0 animal skin (worn)
Scrolls
 i - a scroll of blinking
 k - 3 scrolls of remove curse
 l - a scroll of summoning
Potions
 a - 2 potions of invisibility
 d - 6 potions of curing
 e - 6 potions of heal wounds
 f - a potion of haste
 g - 4 potions of magic
 h - 3 potions of berserk rage
Comestibles
 c - 9 rations


   Skills:
 + Level 8.3 Fighting
 + Level 7.3 Axes
 + Level 4.0 Armour
 + Level 4.2 Dodging
 + Level 1.4 Stealth


You had 4 spell levels left.
You didn't know any spells.

Dungeon Overview and Level Annotations

Branches:
Dungeon (1/1)

Altars:

Annotations:
D Blork the orc


Innate Abilities, Weirdness & Mutations

You are resistant to torment.
Your stone body is resilient. (AC +4)
You are immune to poison.
You resist negative energy. (rN+)
You are resistant to electric shocks. (rElec)
You can survive without breathing.
You are immune to petrification.
You are immune to rotting.


Message History

You are too injured to fight recklessly!
You barely miss something. Something hits you but does no damage.
You closely miss something. Something hits you.
You completely miss something. Something hits you.
You hit something. You freeze something. Something hits you. x2
* * * LOW HITPOINT WARNING * * *
You closely miss something. Something hits you.
* * * LOW HITPOINT WARNING * * *
You barely miss something.
You are no longer berserk.
You are exhausted.
You feel as though you will be slow longer.
Something hits you.
* * * LOW HITPOINT WARNING * * *
You hit something. You freeze something. Something hits you.
* * * LOW HITPOINT WARNING * * *
Something hits you but does no damage.
The orc priest calls down the wrath of Beogh upon you.
Beogh smites you!
You die...

##########.##.....
#...........'.....
#'#####'#####.....
#.#.....#[[##.....
#.#.....#))#####'#
#.###'###.)##.....
#.#.....#))##.....
#.#.....#..##.....
#@####'##'###...<.
#{#........##.....
#o#........##.....
#S###########.....


#oS ###### #r.. ##.#. .... .# #. You could see a water moccasin, an orc priest,
an orc, a quokka and a ball python.

Vanquished Creatures
  A flying skull (D)
  An orc wizard (D)
  A river rat (D)
  2 ufetubi (D)
  An ooze (D)
  A leopard gecko (D)
  4 jackals (D)
  A quokka (D)
  A frilled lizard (D)
13 creatures vanquished.

Notes
Turn   | Place    | Note
-------+----------+-------------------------------------------
     0 | D        | Fang the Gargoyle Berserker began the quest for the Orb.
     0 | D        | Reached XP level 1. HP: 14/14 MP: 1/1
    57 | D        | Reached ** piety under Trog
    65 | D        | Reached skill level 4 in Fighting
    65 | D        | Reached XP level 2. HP: 13/20 MP: 2/2
   319 | D        | Noticed a flying skull
   320 | D        | Reached skill level 1 in Stealth
   321 | D        | Reached *** piety under Trog
   322 | D        | Reached XP level 3. HP: 22/25 MP: 3/3
   324 | D        | Reached skill level 5 in Fighting
   329 | D        | Reached **** piety under Trog
   330 | D        | Killed a flying skull
   330 | D        | Reached skill level 8 in Fighting
   330 | D        | Reached XP level 4. HP: 13/35 MP: 4/4
   330 | D        | Reached XP level 5. HP: 15/39 MP: 5/5
   574 | D        | Noticed Blork the orc
   580 | D        | Noticed a water moccasin
   595 | D        | Killed from afar by an orc priest

Skill      XL: |  1  2  3  4  5 |
---------------+----------------+-----
Axes           | 3 4 7 |  7.3
Fighting       | 4 8 |  8.3
Dodging        | 2 4 |  4.2
Stealth        | 1 |  1.4
Armour         | 3 4 |  4.0

Action                   |  1- 3 |  4- 6 || total
-------------------------+-------+-------++-------
Melee: Hand axe          |    18 |    12 ||    30
Invok: Berserk           |     2 |     1 ||     3
Armor: Animal skin       |    12 |     4 ||    16
Dodge: Dodged            |    27 |     1 ||    28
